 Dungeon Crawl Stone Soup version 0.21.0-3-g78d12a8 (webtiles) character file.

359 sankara the Charmwright (level 6, -1/51 HPs)
             Began as a Gnoll Skald on Jan 16, 2018.
             Killed by nerve-wracking pain
             ... invoked by magipi's ghost
              (12 damage)
             ... on level 4 of the Dungeon on Jan 17, 2018.
             The game lasted 00:19:09 (4348 turns).

sankara the Charmwright (Gnoll Skald)               Turns: 4348, Time: 00:19:10

Health: -1/51      AC:  4    Str: 13    XL:     6   Next: 65%
Magic:  3/14       EV: 15    Int: 15    God:
Gold:   179        SH:  0    Dex: 17    Spells: 7/15 levels left

rFire    . . .     SeeInvis .   a - +0 mace
rCold    . . .     Gourm    .   (no shield)
rNeg     . . .     Faith    .   b - +0 leather armour
rPois    .         Spirit   .   g - +0 helmet (curse)
rElec    .         Reflect  .   (no cloak)
rCorr    .         Harm     .   (no gloves)
MR       .....                  (no boots)
Stlth    ++........             (no amulet)
HPRegen  0.17/turn              (no ring)
MPRegen  0.14/turn              (no ring)

@: very slightly contaminated
A: distributed training, fangs 1, strong nose
a: no special abilities


You were on level 4 of the Dungeon.
You were not hungry.

You visited 1 branch of the dungeon, and saw 4 of its levels.

You collected 179 gold pieces.

Inventory:

Hand Weapons
 a - a +0 mace (weapon)
 p - a +0 whip of venom
Missiles
 u - 17 poisoned needles
 v - 7 steel tomahawks (quivered)
 x - 3 tomahawks
Armour
 b - a +0 leather armour (worn)
 g - a cursed +0 helmet (worn)
Wands
 w - a wand of iceblast (7)
Scrolls
 e - a scroll of enchant armour {unknown}
 h - 3 scrolls of identify {unknown}
 j - a scroll of fear {unknown}
 k - a scroll of magic mapping {unknown}
 l - 3 scrolls of blinking {unknown}
 o - 3 scrolls of remove curse {unknown}
 t - a scroll of fog {unknown}
Potions
 f - 2 potions of mutation {unknown}
 i - 5 potions of curing
 m - a potion of degeneration {unknown}
 n - a potion of might {unknown}
 r - a potion of cancellation {unknown}
 s - a potion of heal wounds {unknown}
Books
 c - a book of Battle

   Spells                             Type                      Level
   a - Infusion                       Charms                       1
   b - Shroud of Golubria             Charms/Translocation         2
   c - Song of Slaying                Charms                       2
   d - Spectral Weapon                Hexes/Charms                 3
   e - Regeneration                   Charms/Necromancy            3
Comestibles
 d - 10 rations
 q - 5 chunks of flesh


   Skills:
 + Level 5.0 Fighting
 + Level 2.0 Short Blades
 + Level 2.0 Long Blades
 + Level 2.0 Axes
 + Level 5.0 Maces & Flails
 + Level 2.0 Polearms
 + Level 2.0 Staves
 + Level 2.0 Slings
 + Level 2.0 Bows
 + Level 2.0 Crossbows
 + Level 2.0 Throwing
 + Level 3.3 Armour
 + Level 5.0 Dodging
 + Level 2.0 Stealth
 + Level 2.0 Shields
 + Level 2.0 Unarmed Combat
 + Level 5.4 Spellcasting
 + Level 1.6 Conjurations
 + Level 1.6 Hexes
 + Level 5.7 Charms
 + Level 1.6 Summonings
 + Level 1.6 Necromancy
 + Level 1.6 Translocations
 + Level 1.6 Transmutations
 + Level 1.6 Fire Magic
 + Level 1.6 Ice Magic
 + Level 1.6 Air Magic
 + Level 1.6 Earth Magic
 + Level 1.6 Poison Magic
 + Level 2.2 Invocations
 + Level 2.0 Evocations


You had 7 spell levels left.
You knew the following spells:

 Your Spells              Type           Power        Failure   Level  Hunger
a - Infusion              Chrm           ###.         1%          1    None
b - Song of Slaying       Chrm           ###.....     2%          2    #......
c - Shroud of Golubria    Chrm/Tloc      ###.......   7%          2    #......
d - Regeneration          Chrm/Necr      ###.......   13%         3    ###....


Dungeon Overview and Level Annotations

Branches:
Dungeon (4/15)
 Temple: D:4-7

Altars:
Okawaru

Annotations:
D:3 feelmyfire's ghost, amateur DgTm
D:4 magipi's ghost, amateur GrNe


Innate Abilities, Weirdness & Mutations

Your experience applies equally to all skills.
You have very sharp teeth.
Your uncanny sense of smell can sniff out nearby items.


Message History

You hit magipi's ghost.
Magipi's ghost is moderately damaged.
Magipi's ghost misses you.
You hit magipi's ghost.
Magipi's ghost is heavily damaged.
Magipi's ghost hits you.
Your shroud falls apart!
You are no longer magically infusing your attacks.
An adder skeleton comes into view.
Casting: Shroud of Golubria
Confirm with . or Enter, or press ? or * to list all spells.
You miscast Regeneration.
You are very lightly contaminated with residual magic.
You shiver with cold.
Magipi's ghost is infused with unholy energy.
* * * LOW HITPOINT WARNING * * *
Magipi's ghost draws life force from you and is healed!
Magipi's ghost casts a spell at you. Pain shoots through your body!
You die...

####### ......# .##...###
......#.########
.##............######
..........####......# ######...##
######.#### # ##.## #.......# #
#.# #@##.##.# ∆ # #.# #.##..#.# #
##+# #W###.#.# # ##...##
#.###.#.# ## # ##.....##
#.......# ..# # ##.......##
##.##.### ..
###....>....####...#.#######.#...
..'.........'..........Z.))......
###.........####...#.#######.#...


You could see magipi's ghost.

Vanquished Creatures
  A scorpion (D:4)
  An orc wizard (D:3)
  Jessica (D:2)
  Terence (D:3)
  A worker ant (D:3)
  Robin (D:2)
  3 gnolls (D:2)
  5 adders
  An ooze (D:3)
  3 worms
  2 dart slugs
  A leopard gecko (D:1)
  10 orcs
  A ball python (D:2)
  3 giant cockroaches
  18 hobgoblins
  2 jackals (D:3)
  12 kobolds
  A quokka (D:3)
  5 bats
  4 frilled lizards
  12 goblins
  9 rats
98 creatures vanquished.

Notes
Turn   | Place    | Note
-------+----------+-------------------------------------------
     0 | D:1      | sankara the Gnoll Skald began the quest for the Orb.
     0 | D:1      | Reached XP level 1. HP: 20/20 MP: 6/6
   248 | D:1      | Reached XP level 2. HP: 26/26 MP: 2/7
   256 | D:1      | Learned a level 2 spell: Song of Slaying
   259 | D:1      | Learned a level 2 spell: Shroud of Golubria
  1027 | D:1      | Reached XP level 3. HP: 28/31 MP: 9/9
  1032 | D:1      | Learned a level 3 spell: Regeneration
  1207 | D:2      | Reached skill level 5 in Spellcasting
  1217 | D:2      | Noticed Robin
  1239 | D:2      | Killed Robin
  1239 | D:2      | Reached skill level 1 in Invocations
  1248 | D:2      | Reached skill level 1 in Short Blades
  1248 | D:2      | Reached skill level 1 in Long Blades
  1248 | D:2      | Reached skill level 1 in Axes
  1248 | D:2      | Reached skill level 1 in Polearms
  1248 | D:2      | Reached skill level 1 in Staves
  1248 | D:2      | Reached skill level 1 in Slings
  1248 | D:2      | Reached skill level 1 in Bows
  1248 | D:2      | Reached skill level 1 in Crossbows
  1248 | D:2      | Reached skill level 1 in Throwing
  1248 | D:2      | Reached skill level 1 in Stealth
  1248 | D:2      | Reached skill level 1 in Shields
  1248 | D:2      | Reached skill level 1 in Unarmed Combat
  1248 | D:2      | Reached skill level 1 in Evocations
  1449 | D:2      | Reached XP level 4. HP: 38/38 MP: 8/11
  1996 | D:2      | Reached skill level 1 in Conjurations
  1996 | D:2      | Reached skill level 1 in Hexes
  1996 | D:2      | Reached skill level 1 in Summonings
  1996 | D:2      | Reached skill level 1 in Necromancy
  1996 | D:2      | Reached skill level 1 in Translocations
  1996 | D:2      | Reached skill level 1 in Transmutations
  1996 | D:2      | Reached skill level 1 in Fire Magic
  1996 | D:2      | Reached skill level 1 in Ice Magic
  1996 | D:2      | Reached skill level 1 in Air Magic
  1996 | D:2      | Reached skill level 1 in Earth Magic
  1996 | D:2      | Reached skill level 1 in Poison Magic
  2118 | D:2      | Noticed Jessica
  2121 | D:2      | Killed Jessica
  2121 | D:2      | Reached XP level 5. HP: 43/43 MP: 7/12
  2664 | D:3      | Found an iron altar of Okawaru.
  3049 | D:3      | Noticed Terence
  3061 | D:3      | Noticed feelmyfire's ghost (amateur DgTm)
  3072 | D:3      | Killed Terence
  3532 | D:3      | Reached XP level 6. HP: 31/50 MP: 13/13
  3991 | D:4      | Reached skill level 5 in Fighting
  3991 | D:4      | Reached skill level 5 in Maces & Flails
  3991 | D:4      | Reached skill level 5 in Dodging
  4319 | D:4      | Noticed magipi's ghost (amateur GrNe)
  4348 | D:4      | Killed from afar by magipi's ghost

Skill      XL: |  1  2  3  4  5  6 |
---------------+-------------------+-----
Spellcasting   | 5 |  5.4
Invocations    | 1 2 |  2.2
Short Blades   | 1 2 |  2.0
Long Blades    | 1 2 |  2.0
Axes           | 1 2 |  2.0
Polearms       | 1 2 |  2.0
Staves         | 1 2 |  2.0
Slings         | 1 2 |  2.0
Bows           | 1 2 |  2.0
Crossbows      | 1 2 |  2.0
Throwing       | 1 2 |  2.0
Stealth        | 1 2 |  2.0
Shields        | 1 2 |  2.0
Unarmed Combat | 1 2 |  2.0
Evocations     | 1 2 |  2.0
Conjurations   | 1 |  1.6
Hexes          | 1 |  1.6
Summonings     | 1 |  1.6
Necromancy     | 1 |  1.6
Translocations | 1 |  1.6
Transmutations | 1 |  1.6
Fire Magic     | 1 |  1.6
Ice Magic      | 1 |  1.6
Air Magic      | 1 |  1.6
Earth Magic    | 1 |  1.6
Poison Magic   | 1 |  1.6
Armour         | 3 |  3.3
Fighting       | 5 |  5.0
Maces & Flails | 5 |  5.0
Dodging        | 5 |  5.0
Charms         | |  5.7

Action                   |  1- 3 |  4- 6 || total
-------------------------+-------+-------++-------
Melee: Mace              |    92 |   280 ||   372
       Bite              |     6 |    35 ||    41
       Punch             |       |     1 ||     1
 Cast: Infusion          |     9 |     8 ||    17
       Song of Slaying   |     2 |     3 ||     5
       Regeneration      |       |    11 ||    11
       Shroud of Golubri |       |     8 ||     8
 Stab: Sleeping          |     1 |     4 ||     5
  Eat: Chunk             |     2 |    11 ||    13
Armor: Leather armour    |    16 |    60 ||    76
Dodge: Dodged            |    61 |   248 ||   309
